 Dungeon Crawl Stone Soup version 0.29-a0-598-gd8304a5bf4 (webtiles) character file.

Game seed: 6339814529437886358

197 kyalle the Skirmisher (level 5, -2/48 HPs)
             Began as a Minotaur Fighter on June 15, 2022.
             Killed by nerve-wracking pain
             ... invoked by an orc priest
              (11 damage)
             ... on level 4 of the Dungeon.
             The game lasted 00:08:01 (2568 turns).

kyalle the Skirmisher (Minotaur Fighter)            Turns: 2568, Time: 00:08:01

Health: -2/48      AC:  8    Str: 26    XL:     5   Next: 46%
Magic:  4/4        EV:  8    Int:  5    God:
Gold:   131        SH:  9    Dex: 10    Spells: 4/4 levels left

rFire   + . .      SeeInvis .   k - +5 dagger of Destruction {freeze, rF+ rC+ Str+4}
rCold   + . .      Faith    .   g - +1 kite shield
rNeg    . . .      Spirit   .   b - +0 scale mail
rPois   .          Reflect  .   (helmet restricted)
rElec   .          Harm     .   (no cloak)
rCorr   .          Rampage  .   x - +0 pair of gloves
Will    .....                   (no boots)
Stlth   ..........              (no amulet)
HPRegen 0.16/turn               (no ring)
MPRegen 0.09/turn               (no ring)

@: lethally poisoned (-2 -> -3)
A: horns 2, retaliatory headbutt
a: no special abilities


You were on level 4 of the Dungeon.
You visited 1 branch of the dungeon, and saw 4 of its levels.

You collected 131 gold pieces.

Inventory:

Hand Weapons
 a - a +0 war axe
 k - the +5 dagger of Destruction (weapon) {freeze, rF+ rC+ Str+4}
   (You found it on level 3 of the Dungeon)

   It freezes those it strikes, dealing additional cold damage.
   It can also slow down cold-blooded creatures.
   Str:       It affects your strength (+4).
   rF:        It protects you from fire.
   rC:        It protects you from cold.
Missiles
 p - 4 poisoned darts (quivered)
Armour
 b - a +0 scale mail (worn)
 c - a +0 buckler
 g - a +1 kite shield (worn)
 x - a +0 pair of gloves (worn)
Jewellery
 o - a ring of wizardry
Wands
 s - a wand of light (12)
Scrolls
 i - 2 scrolls of immolation
 n - a scroll of teleportation {unknown}
 q - 3 scrolls of identify
 w - a scroll of blinking
 y - a scroll of amnesia {unknown}
Potions
 d - a potion of might
 e - a potion of haste
 f - 3 potions of curing
 h - 2 potions of berserk rage
 j - a potion of degeneration {unknown}
 l - a potion of cancellation {unknown}
 r - a potion of flight
 t - a potion of lignification {unknown}
 u - a potion of ambrosia {unknown}
 v - a potion of resistance {unknown}


   Skills:
 * Level 5.2 Fighting
 * Level 2.2 Short Blades
 - Level 3.5 Axes
 + Level 4.4 Armour
 + Level 4.4 Shields


You had 4 spell levels left.
You didn't know any spells.
Your spell library contained the following spells:

 Spells                   Type           Power      Damage    Failure   Level
 Freeze                   Ice            0%         1d3       98%         1
 Ensorcelled Hibernation  Hex/Ice        0%         N/A       99%         2
 Passwall                 Tmut/Erth      0%         N/A       99%         2
 Frozen Ramparts          Ice            0%         1d2       100%        3
 Stone Arrow              Conj/Erth      0%         3d7       100%        3
 Swiftness                Air            0%         N/A       100%        3
 Animate Armour           Summ/Erth      0%         N/A       100%        4
 Hailstorm                Conj/Ice       0%         3d3       100%        4
 Lehudib's Crystal Spear  Conj/Erth      0%         10d2      100%        8


Dungeon Overview and Level Annotations

Branches:
Dungeon (4/15)
 Temple: D:4-7

Altars:


Innate Abilities, Weirdness & Mutations

You have a pair of horns on your head.
You reflexively headbutt those who attack you in melee.


Message History

You kill the orc!
You feel very sick.
The orc priest calls down the wrath of Beogh upon you.
Beogh smites you!
You feel sick.
The orc priest begins to cast a cantrip, but forgets the words!
The orc priest casts a cantrip, but nothing happens.
Things that are here:
a +2 short sword of venom; an orc corpse You hit the orc priest but do no damage.
Your headbutt misses the orc priest.
You feel very sick. You block the orc priest's attack.
You barely miss the orc priest.
You feel sick. You block the orc priest's attack.
You closely miss the orc priest. You headbutt the orc priest.
The orc priest is lightly wounded.
You feel sick.
The orc priest calls down the wrath of Beogh upon you.
You barely resist.
The orc priest invokes the aid of Beogh against you.
Beogh smites you!
* * * LOW HITPOINT WARNING * * *
You hit the orc priest. You freeze the orc priest. You headbutt the orc priest!
The orc priest is almost dead.
You feel sick.
The orc priest hits you but does no damage.
You barely miss the orc priest. You headbutt the orc priest.
You kill the orc priest!
You feel sick.
You hit the orc priest. You freeze the orc priest.
The orc priest is heavily wounded.
You feel sick.
The orc priest hits you but does no damage.
You hit the orc priest. You freeze the orc priest.
The orc priest is almost dead.
You feel sick.
The orc priest calls down the wrath of Beogh upon you.
Pain shoots through your body!
You die...

#o# ###.### ##≈#.#.##
##≈≈#.#≈≈##
#≈≈.#.#≈..#.#
#...#.#≈###.#
#≈≈≈#o#≈#...# #.
#≈≈b#o#.##### #.
#≈.b#@#b.≈# ##.
##≈b#.#≈≈## #..##
##b#.#≈## #.#.##
###.#######
#....####.........####
#.......'.........'..#
#....####.........####
#.#.## ##.......## ###
####.#### ##.....##
#.#


You could see 2 orc priests and 5 bats.

Vanquished Creatures
  A jelly (D:4)
  2 orc priests
  3 adders
  A worm (D:3)
  3 dart slugs (D:2)
  5 orcs
  8 bats
  5 endoplasms
  2 giant cockroaches
  6 goblins
  3 hobgoblins (D:1)
  2 quokkas (D:1)
  7 ball pythons
  4 frilled lizards
  7 kobolds
  10 rats
69 creatures vanquished.

Vanquished Creatures (others)
  14 fungi (D:4)
14 creatures vanquished.

Grand Total: 83 creatures vanquished

Notes
Turn   | Place    | Note
-------+----------+-------------------------------------------
     0 | D:1      | kyalle the Minotaur Fighter began the quest for the Orb.
     0 | D:1      | Reached XP level 1. HP: 19/19 MP: 0/0
   189 | D:1      | Reached XP level 2. HP: 27/27 MP: 1/1
   540 | D:1      | Reached skill level 4 in Fighting
  1041 | D:2      | Found a faded altar of an unknown god.
  1219 | D:2      | Reached XP level 3. HP: 33/33 MP: 2/2
  1672 | D:3      | Identified the +5 dagger of Destruction {freeze, rF+ rC+
                  | Str+4}
  1839 | D:3      | Reached XP level 4. HP: 41/41 MP: 3/3
  1843 | D:3      | Reached skill level 1 in Short Blades
  2156 | D:3      | Reached skill level 5 in Fighting
  2341 | D:4      | Reached XP level 5. HP: 33/48 MP: 4/4
  2568 | D:4      | Killed from afar by an orc priest

Illustrated notes

Levels and vault maps discovered:
D:1:      saegor_arrival_simple_b, layout_loops_cross
D:2:      layout_loops_ring, ebering_ecumenical_altar_rust
D:3:      minmay_diamond_boxcup, layout_rooms
D:4:      layout_loops_corners, nicolae_dithmenos_the_darkroom, serial_aquarium,
          aquarium_bridge_straight [aquarium_subvault_bridge,
          aquarium_subvault_wall, aquarium_subvault_bridge,
          aquarium_subvault_balcony], aquarium_bridge_square
          [aquarium_subvault_bridge, aquarium_subvault_window,
          aquarium_subvault_window, aquarium_subvault_bridge],
          aquarium_window_fake, aquarium_window_fake, aquarium_view_2a,
          aquarium_view_2d, aquarium_balcony_3b, aquarium_pool_split,
          st_stairs_13

Skill      XL: |  1  2  3  4 |
---------------+-------------+-----
Fighting       | 4 5 |  5.2
Axes           | 3 |  3.5
Shields        | 4 |  4.4
Armour         | 4 |  4.4
Short Blades   | 2 |  2.2

Action                   |  1- 3 |  4- 6 || total
-------------------------+-------+-------++-------
Melee: War axe           |    91 |       ||    91
       Headbutt          |    11 |     9 ||    20
       Dagger            |     6 |    41 ||    47
  Use: Scroll            |    10 |     1 ||    11
Armor: Scale mail        |    32 |    17 ||    49
Dodge: Dodged            |    48 |    12 ||    60
Block: Buckler           |     2 |       ||     2
       Kite shield       |    43 |    25 ||    68

Table legend: (Time is in decaauts)
 A = Elapsed time spent in this place.
 B = Non-inter-level travel time spent in this place.
 C = Inter-level travel time spent in this place.
 D = Time resting spent in this place.
 E = Time spent auto-exploring this place.
 F = Levels seen in this place.
 G = Mean time per level.
                   A        B        C        D        E       F      G
               +--------+--------+--------+--------+--------+-----+--------+
         Total |   2616 |   2497 |    119 |      0 |   1825 |   4 |  654.0 |
       Dungeon |   2616 |   2497 |    119 |      0 |   1825 |   4 |  654.0 |
               +--------+--------+--------+--------+--------+-----+--------+

Top non-repeatable levels by time:
     D:1: 828 daAuts
     D:2: 785 daAuts
     D:3: 763 daAuts
     D:4: 239 daAuts
